 Dungeon Crawl Stone Soup version 0.27-a0-972-gd1521fd518 (webtiles) character file.

Game seed: 14886165675665270918

8 Alarkh the Insei (level 2, 21/21 HPs)
             Began as a Demonspawn Transmuter on Apr 13, 2021.
             Got out of the dungeon alive.
             The game lasted 00:00:19 (169 turns).

Alarkh the Insei (Demonspawn Transmuter)             Turns: 169, Time: 00:00:19

Health: 21/21      AC:  2    Str: 10    XL:     2   Next: 0%
Magic:  5/5        EV: 12    Int: 14    God:
Gold:   18         SH:  0    Dex: 13    Spells: 4/5 levels left

rFire    . . .     SeeInvis .     - Unarmed
rCold    . . .     Faith    .   (no shield)
rNeg     . . .     Spirit   .   a - +0 robe
rPois    .         Reflect  .   (no helmet)
rElec    .         Harm     .   (no cloak)
rCorr    .         Rampage  .   (no gloves)
Will     .....                  (no boots)
Stlth    +.........             (no amulet)
HPRegen  0.07/turn              (no ring)
MPRegen  0.09/turn              (no ring)

@: no status effects
A: powered by pain 1
a: no special abilities


You escaped.
You visited 1 branch of the dungeon, and saw 1 of its levels.

You collected 18 gold pieces.

Inventory:

Armour
 a - a +0 robe (worn)
Jewellery
 d - an amulet of the acrobat
Scrolls
 b - a scroll of fog {unknown}
Potions
 c - a potion of haste {unknown}


   Skills:
 + Level 1.2 Fighting
 - Level 1.7 Dodging
 * Level 2.9 Unarmed Combat
 + Level 2.1 Spellcasting
 + Level 1.9 Transmutations


You had 4 spell levels left.
You knew the following spells:

 Your Spells              Type           Power      Damage    Failure   Level
a - Beastly Appendage     Tmut           12%        N/A       11%         1

Your spell library contained the following spells:

 Spells                   Type           Power      Damage    Failure   Level
 Wereblood                Tmut           6%         N/A       16%         2
 Spider Form              Tmut/Pois      2%         N/A       43%         3
 Ice Form                 Ice/Tmut       4%         N/A       83%         4
 Hydra Form               Tmut           3%         N/A       96%         5


Dungeon Overview and Level Annotations

Branches:
Dungeon (1/15)

Altars:


Innate Abilities, Weirdness & Mutations

You sometimes gain a little power by taking damage.


Message History

You hit the frilled lizard but do no damage.
You claw the frilled lizard.
The frilled lizard is heavily wounded.
The frilled lizard barely misses you.
You barely miss the frilled lizard. You claw the frilled lizard.
You kill the frilled lizard!
Your transformation is almost over.
No target in view!
No target in view!
No target in view!
No target in view!
No target in view!
No target in view!
No target in view!
A rat comes into view.
Found a stone staircase leading down.
A rat is nearby!
A rat is nearby!
Casting: Beastly Appendage (safe; 11% risk of failure)
Confirm with . or Enter, or press ? or * to list all spells.
You extend your transformation's duration.
Unknown command.
The rat closely misses you.
You closely miss the rat. You claw the rat, but do no damage.
The rat closely misses you.
You hit the rat.
You kill the rat!
Your transformation is almost over.
You have reached level 2!
Your demonic ancestry asserts itself...
You feel energised by your suffering.
Unknown command.
Your horns disappear.
Your talons disappear.
There is a huge open gate here.
There is an open gate here.
The kobold shouts!
The goblin shouts!
There is a staircase leading out of the dungeon here.
Are you sure you want to leave the Dungeon?
This will make you lose the game!
You have escaped!

..#.....#######'''#######
###.....#g#...........#K#
........###..8.###.8..###
#.......#≈.............≈#
#.......#≈.............≈#
#####...#≈≈...........≈≈#
#...#≈≈≈≈.......≈≈≈≈#
#...#≈≈≈≈≈≈≈.≈≈≈≈≈≈≈#
#...#≈≈≈≈≈≈≈@≈≈≈≈≈≈≈#
#...#################
#................
#................
#................
#########.....## ##.....#
#.....## #.....#


You could see a goblin and a kobold.

Vanquished Creatures
  A kobold (D:1)
  2 quokkas (D:1)
  4 frilled lizards (D:1)
  2 rats (D:1)
9 creatures vanquished.

Notes
Turn   | Place    | Note
-------+----------+-------------------------------------------
     0 | D:1      | Alarkh the Demonspawn Transmuter began the quest for the
                  | Orb.
     0 | D:1      | Reached XP level 1. HP: 15/15 MP: 3/3
   130 | D:1      | Gained mutation: You sometimes gain a little power by
                  | taking damage. [demonic ancestry]
   130 | D:1      | Reached XP level 2. HP: 21/21 MP: 3/5
   169 | D:$      | Got out of the dungeon alive.

Illustrated notes

Levels and vault maps discovered:
D:1:      lordsloth_arrival_two_stooges, layout_basic, minivault_25

Action                   || total
-------------------------++-------
Melee: Unarmed           ||    18
       Kick              ||     7
       Headbutt          ||     2
 Cast: Beastly Appendage ||     6
Armor: Robe              ||     4
Dodge: Dodged            ||     6

Table legend: (Time is in decaauts)
 A = Elapsed time spent in this place.
 B = Non-inter-level travel time spent in this place.
 C = Inter-level travel time spent in this place.
 D = Time resting spent in this place.
 E = Time spent auto-exploring this place.
 F = Levels seen in this place.
 G = Mean time per level.
                   A        B        C        D        E       F      G
               +--------+--------+--------+--------+--------+-----+--------+
         Total |    167 |    129 |     38 |      0 |     80 |   1 |  167.0 |
       Dungeon |    167 |    129 |     38 |      0 |     80 |   1 |  167.0 |
               +--------+--------+--------+--------+--------+-----+--------+

Top non-repeatable levels by time:
     D:1: 167 daAuts
